 Dungeon Crawl Stone Soup version 0.29-a0-824-gd827844252 (webtiles) character file.

Game seed: 13516479790741165127

4439 27snakeeyes612 the Fighter (level 10, -1/96 HPs)
             Began as a Naga Fighter on July 10, 2022.
             Killed from afar by an electric eel (3 damage)
             ... with a bolt of electricity
             ... on level 8 of the Dungeon.
             The game lasted 00:06:34 (9803 turns).

27snakeeyes612 the Fighter (Naga Fighter)           Turns: 9803, Time: 00:06:34

Health: -1/96      AC: 18    Str: 22    XL:     10   Next: 36%
Magic:  10/10      EV:  5    Int:  9    God:
Gold:   241        SH:  7    Dex: 23    Spells: 9/9 levels left

rFire   . . .      SeeInvis +   z - +6 broad axe (freeze)
rCold   . . .      Faith    .   y - +0 buckler "Xaenynt" {Dex+3}
rNeg    . . .      Spirit   .   x - +1 chain mail "Wos Ged" {Dex+3}
rPois   +          Reflect  .   g - +0 helmet
rElec   .          Harm     .   v - +1 cloak
rCorr   .          Rampage  .   (no gloves)
Will    +....                   (no barding)
Stlth   ..........              (no amulet)
HPRegen 0.26/turn               e - +4 ring of protection
MPRegen 0.12/turn               l - +6 ring of dexterity

@: short of breath, very slow
A: AC +3, large, see invisible, deformed body, poison resistance, slowness 2,
spit poison 1, naga tail 1
a: Spit Poison


You were on level 8 of the Dungeon.
You visited 2 branches of the dungeon, and saw 9 of its levels.

You collected 773 gold pieces.
You spent 532 gold pieces at shops.

Inventory:

Hand Weapons
 a - a +0 war axe
 d - a +1 vampiric hand axe
 q - the +6 whip "Xuats" {drain, Will+ Str-2 Int+2 SInv}
   (You found it on level 3 of the Dungeon)

   A truly terrible weapon, it drains the life of any living foe it strikes.
   Str:       It affects your strength (-2).
   Int:       It affects your intelligence (+2).
   SInv:      It lets you see invisible.
   Will:      It increases your willpower.
 z - a +6 broad axe of freezing (weapon)
Armour
 b - a +0 scale mail
 c - a +0 buckler
 g - a +0 helmet (worn)
 v - a +1 cloak (worn)
 x - the +1 chain mail "Wos Ged" (worn) {Dex+3}
   (You bought it in a shop on level 6 of the Dungeon)

   Dex:       It affects your dexterity (+3).
 y - the +0 buckler "Xaenynt" (worn) {Dex+3}
   (You bought it in a shop on level 6 of the Dungeon)

   Dex:       It affects your dexterity (+3).
Jewellery
 e - a +4 ring of protection (left hand)
 l - a +6 ring of dexterity (right hand)
 m - an amulet of faith
 s - a ring of resist corrosion
Wands
 u - a wand of charming (7)
Scrolls
 f - 2 scrolls of enchant armour
 h - 5 scrolls of identify
 i - 4 scrolls of poison
 p - 3 scrolls of teleportation
 B - a scroll of silence {unknown}
 D - a scroll of vulnerability {unknown}
 E - a scroll of fog
 F - a scroll of immolation {unknown}
 G - a scroll of enchant weapon {unknown}
Potions
 j - a potion of cancellation
 k - 3 potions of heal wounds
 n - a potion of resistance
 o - 2 potions of attraction {unknown}
 r - 3 potions of degeneration
 t - 2 potions of invisibility {unknown}
 w - a potion of curing {unknown}
 A - a potion of ambrosia {unknown}
 C - a potion of lignification {unknown}


   Skills:
 + Level 8.0 Fighting
 + Level 7.6 Axes
 + Level 6.7 Armour
 + Level 7.4 Shields


You had 9 spell levels left.
You didn't know any spells.
Your spell library contained the following spells:

 Spells                   Type           Power      Damage    Failure   Level
 Magic Dart               Conj           0%         1d3       98%         1
 Call Imp                 Summ           0%         N/A       99%         2
 Searing Ray              Conj           0%         2d4       99%         2
 Sublimation of Blood     Necr           0%         N/A       99%         2
 Wereblood                Tmut           0%         N/A       99%         2
 Inner Flame              Hex/Fire       0%         N/A       100%        3
 Mephitic Cloud           Conj/Pois/Air  0%         N/A       100%        3
 Animate Dead             Necr           0%         N/A       100%        4
 Cause Fear               Hex            0%         N/A       100%        4
 Fulminant Prism          Conj/Hex       0%         3d6       100%        4
 Conjure Ball Lightning   Conj/Air       0%         3x3d6     100%        6
 Haunt                    Necr/Summ      0%         N/A       100%        7
 Summon Hydra             Summ           0%         N/A       100%        7
 Discord                  Hex            0%         N/A       100%        8
 Disjunction              Tloc           0%         N/A       100%        8
 Infestation              Necr           0%         N/A       100%        8


Dungeon Overview and Level Annotations

Branches:
Dungeon (8/15)             Temple (1/1) D:5
   Lair: D:8-11

Altars:
Dithmenos
Elyvilon
Hepliaklqana
Kikubaaqudgha
Makhleb
Nemelex Xobeh
Okawaru
Qazlal
Ru
Sif Muna
Trog
Uskayaw
Vehumet
Xom
Yredelemnul
Zin
The Shining One

Shops:
D:6 [(!![

Annotations:
D:4 2 transporters, Zero's ghost, novice OgIE
D:8 Erica


Innate Abilities, Weirdness & Mutations

Your serpentine skin is tough. (AC +3)
You have supernaturally acute eyesight. (SInv)
Armour fits poorly on your strangely shaped body.
Your system is resistant to poisons. (rPois)
You cover ground very slowly.
You can spit poison.
You have a snake-like lower body.


Message History

The electric eel is poisoned.
The electric eel is heavily wounded.
The electric eel shoots out a bolt of lightning at you!
The bolt of electricity hits you.
The electric eel shoots out a bolt of lightning at you!
The bolt of electricity hits you!
Found a sacrificial altar of Ru and a shadowy altar of Dithmenos.
The electric eel shoots out a bolt of lightning at you!
The bolt of electricity hits you!
* * * LOW HITPOINT WARNING * * *
You slash the electric eel!
The electric eel seems to slow down.
You freeze the electric eel.
You kill the electric eel!
You hear a splash.
You have got your breath back.
The electric eel shoots out a bolt of lightning at you!
The bolt of electricity misses you.
The electric eel shoots out a bolt of lightning at you!
The bolt of electricity hits you.
* * * LOW HITPOINT WARNING * * *
You barely miss the electric eel. You barely miss the electric eel.
Aiming: Spit Poison (1% risk of failure)
Press: ? - help, Q - select action, (/) - cycle Shift-Dir - straight line, f - electric eel
Aim: an electric eel (water, 43% to hit)
The splash of poison misses the electric eel.
The electric eel shoots out a bolt of lightning at you!
The bolt of electricity hits you.
* * * LOW HITPOINT WARNING * * *
You miss the electric eel.
The electric eel shoots out a bolt of lightning at you!
The bolt of electricity hits you!
* * * LOW HITPOINT WARNING * * *
You miss the electric eel.
The electric eel shoots out a bolt of lightning at you!
The bolt of electricity hits you!
* * * LOW HITPOINT WARNING * * *
The electric eel shoots out a bolt of lightning at you!
The bolt of electricity hits you.
You die...

....... . .......# #
##.#....... #
######..#......#####
####..............##.##
≈≈≈.≈≈ ≈≈≈......÷÷...
#####≈.≈#####≈......÷(...
#≈≈≈#≈?≈#S≈≈#≈......÷....
#≈_.....@._≈#≈......#....
#≈≈≈#≈.≈#≈≈≈#≈......#....
≈#####≈.≈#####≈.#.........
≈≈≈≈≈≈≈.≈≈≈≈≈≈≈.....##....
#..#........#......##.....
#......#..................
#.....###?..#......#....^.
#..... ######.#..........
#..... ###..........


You could see an electric eel.

Vanquished Creatures
  A two-headed ogre (D:6)
  Maggie (D:8)
  A kobold demonologist (D:6)
  A komodo dragon (D:7)
  Sigmund (D:3)
  A water moccasin (D:7)
  2 ice beasts
  A sky beast (D:4)
  2 centaurs (D:6)
  3 phantoms
  2 kobold brigands (D:6)
  6 bullfrogs
  2 necrophages
  A water moccasin zombie (D:5)
  5 wights (D:7)
  3 howler monkeys
  An electric eel (D:8)
  2 jellies (D:6)
  2 bullfrog zombies (D:5)
  4 orc priests
  4 hounds
  Crazy Yiuf (D:3)
  Terence (D:3)
  5 iguanas
  Natasha (twice) (D:2)
  3 orc wizards
  A killer bee zombie (D:5)
  13 gnolls
  10 adders
  2 white imps
  2 ufetubi
  An adder zombie (D:5)
  An adder skeleton (D:5)
  3 worms (D:2)
  5 dart slugs
  27 orcs
  2 bats
  5 endoplasms
  2 giant cockroaches
  7 goblins
  10 hobgoblins
  4 jackals (D:2)
  2 quokkas (D:1)
  6 ball pythons
  5 frilled lizards
  14 kobolds
  4 rats (D:3)
184 creatures vanquished.

Vanquished Creatures (others)
  2 fungi (D:2)
  5 plants (D:2)
7 creatures vanquished.

Grand Total: 191 creatures vanquished

Notes
Turn   | Place    | Note
-------+----------+-------------------------------------------
     0 | D:1      | 27snakeeyes612 the Naga Fighter began the quest for the
                  | Orb.
     0 | D:1      | Reached XP level 1. HP: 21/21 MP: 1/1
   447 | D:1      | Reached XP level 2. HP: 28/28 MP: 2/2
   905 | D:1      | Reached XP level 3. HP: 34/34 MP: 3/3
  1525 | D:2      | Reached XP level 4. HP: 24/42 MP: 4/4
  2127 | D:2      | Noticed Natasha
  2136 | D:2      | Killed Natasha
  2137 | D:2      | Reached XP level 5. HP: 19/50 MP: 5/5
  2346 | D:2      | Found a faded altar of an unknown god.
  2414 | D:2      | Noticed Natasha
  2420 | D:2      | Killed Natasha
  2584 | D:3      | Identified the +6 whip "Xuats" {drain, Will+ Str-2 Int+2
                  | SInv}
  2648 | D:3      | Noticed Terence
  2655 | D:3      | Killed Terence
  2656 | D:3      | Reached skill level 4 in Fighting
  2825 | D:3      | Reached XP level 6. HP: 32/57 MP: 6/6
  3043 | D:3      | Found a runed translucent door.
  3044 | D:3      | Noticed Crazy Yiuf
  3062 | D:3      | Noticed Sigmund
  3075 | D:3      | Killed Sigmund
  3585 | D:3      | Found an iron altar of Okawaru.
  3727 | D:3      | Killed Crazy Yiuf
  3728 | D:3      | Reached XP level 7. HP: 18/66 MP: 2/7
  4264 | D:4      | Identified a scroll of acquirement
  4264 | D:4      | Acquired 365 gold pieces
  4812 | D:4      | Reached skill level 5 in Fighting
  5015 | D:4      | Found a transporter.
  5104 | D:4      | Found a transporter.
  5107 | D:4      | Noticed Zero's ghost (novice OgIE)
  5456 | D:4      | Reached XP level 8. HP: 71/74 MP: 8/8
  5744 | D:5      | Entered Level 5 of the Dungeon
  5981 | D:5      | Found a staircase to the Ecumenical Temple.
  6032 | D:5      | Reached skill level 5 in Shields
  6075 | D:5      | Reached skill level 5 in Axes
  6835 | Temple   | Entered the Ecumenical Temple
  6835 | Temple   | Found a transporter.
  6835 | Temple   | Found a transporter.
  6837 | Temple   | Found a transporter.
  6837 | Temple   | Found a transporter.
  6911 | D:6      | Reached skill level 6 in Fighting
  6911 | D:6      | Reached skill level 5 in Armour
  6914 | D:6      | Found Mualig's Distillery.
  7085 | D:6      | Noticed a kobold demonologist
  7089 | D:6      | Noticed a hellwing
  7097 | D:6      | HP: 2/76 [ufetubus (2)]
  7443 | D:6      | Found an ancient bone altar of Kikubaaqudgha.
  7464 | D:6      | Killed a kobold demonologist
  7465 | D:6      | Reached XP level 9. HP: 72/85 MP: 9/9
  7648 | D:6      | Noticed a two-headed ogre
  7649 | D:6      | Found Ytuetz's Antique Armour Shoppe.
  7651 | D:6      | Acquired a +6 broad axe of freezing
  7659 | D:6      | Killed a two-headed ogre
  7660 | D:6      | Reached skill level 7 in Fighting
  7994 | D:6      | Bought a fine chain mail for 266 gold pieces
  7994 | D:6      | Identified the +1 chain mail "Wos Ged" {Dex+3} (You bought
                  | it in a shop on level 6 of the Dungeon)
  7994 | D:6      | Bought a smoking buckler for 266 gold pieces
  7994 | D:6      | Identified the +0 buckler "Xaenynt" {Dex+3} (You bought it
                  | in a shop on level 6 of the Dungeon)
  8110 | D:6      | Found Teolinuy's Antique Weapon Emporium.
  8362 | D:6      | Found Nistal's Distillery.
  8427 | D:6      | Found Obocaozu's Armour Shop.
  8707 | D:7      | Noticed a komodo dragon
  8712 | D:7      | Killed a komodo dragon
  8713 | D:7      | Reached XP level 10. HP: 66/94 MP: 10/10
  9474 | D:8      | Noticed Maggie
  9491 | D:8      | Killed Maggie
  9492 | D:8      | Reached skill level 8 in Fighting
  9518 | D:8      | Noticed Erica
  9794 | D:8      | Found a sacrificial altar of Ru.
  9794 | D:8      | Found a shadowy altar of Dithmenos.
  9803 | D:8      | HP: 2/96 [electric eel/bolt of electricity (11)]
  9803 | D:8      | Killed from afar by an electric eel

Illustrated notes

Levels and vault maps discovered:
D:1:      minmay_arrival_jagged, layout_loops_corners, st_stairs_8
D:2:      layout_loops_ring, shapermc_ecumenical_altar_acropolis, uniq_natasha
D:3:      layout_loops_ring, okawaru_gym_becter, moated_statue, uniq_sigmund,
          uniq_crazy_yiuf_cottage, uniq_terence
D:4:      layout_loops_corners, gammafunk_ghost_mausoleum
D:5:      layout_gridville, minmay_temple_entry_glassed_door, serial_undead,
          serial_undead_e, serial_undead_a, serial_undead_d, serial_undead_e
D:6:      layout_rooms, mainiacjoe_overflow_tiny_flanked, serial_shops,
          kennysheep_mini_moat, nicolae_shop_temple_entry_statues_fountains,
          shop, shop, shop, dk_noncrumbling_4
D:7:      layout_basic, nicolae_overflow_hidden_temple,
          nicolae_figureground_sparkle
D:8:      layout_cave_pools, nicolae_overflow_two_pavilions,
          grunt_decor_resistance, uniq_maggie, uniq_erica
Temple:   hellmonk_temple_divided_pantheon

Skill      XL: |  1  2  3  4  5  6  7  8  9 10 |
---------------+-------------------------------+-----
Shields        | 3 4 5 6 7 |  7.4
Armour         | 3 4 5 6 |  6.7
Axes           | 3 4 6 7 |  7.6
Fighting       | 4 5 6 7 8 |  8.0

Action                   |  1- 3 |  4- 6 |  7- 9 | 10-12 || total
-------------------------+-------+-------+-------+-------++-------
Melee: War axe           |   108 |   144 |   251 |       ||   503
       Broad axe         |       |       |    40 |    53 ||    93
       Hand axe          |       |       |     5 |       ||     5
 Abil: Spit Poison       |     1 |     2 |     1 |     3 ||     7
  Use: Scroll            |       |       |    13 |       ||    13
       Potion            |       |       |     1 |       ||     1
Armor: Scale mail        |    55 |    57 |   203 |       ||   315
       Chain mail        |       |       |    18 |    33 ||    51
Dodge: Dodged            |    45 |    45 |   121 |    18 ||   229
Block: Buckler           |    26 |    23 |   100 |    16 ||   165

Table legend: (Time is in decaauts)
 A = Elapsed time spent in this place.
 B = Non-inter-level travel time spent in this place.
 C = Inter-level travel time spent in this place.
 D = Time resting spent in this place.
 E = Time spent auto-exploring this place.
 F = Levels seen in this place.
 G = Mean time per level.
                   A        B        C        D        E       F      G
               +--------+--------+--------+--------+--------+-----+--------+
         Total |  11840 |  11514 |    326 |   1544 |   8482 |   9 | 1315.6 |
       Dungeon |  11776 |  11450 |    326 |   1544 |   8481 |   8 | 1472.0 |
        Temple |     64 |     64 |      0 |      0 |      1 |   1 |   64.0 |
               +--------+--------+--------+--------+--------+-----+--------+

Top non-repeatable levels by time:
     D:4: 2113 daAuts
     D:3: 1753 daAuts
     D:6: 1737 daAuts
     D:2: 1578 daAuts
     D:1: 1570 daAuts
     D:7: 1439 daAuts
     D:5: 1412 daAuts
     D:8: 170 daAuts
  Temple: 64 daAuts
